 Dungeon Crawl Stone Soup version 0.23.1-37-gaa34b87 (webtiles) character file.

Game seed: 16528720075296115259

114 nuthulu the Skirmisher (level 4, -8/41 HPs)
             Began as a Ghoul Monk on Mar 27, 2019.
             Mangled by Grinder (9 damage)
             ... on level 3 of the Dungeon.
             The game lasted 00:04:28 (2384 turns).

nuthulu the Skirmisher (Ghoul Monk)                 Turns: 2384, Time: 00:04:28

Health: -8/41      AC:  3    Str: 13 (15) XL:     4   Next: 97%
Magic:  3/3        EV: 13    Int:  5      God:
Gold:   51         SH:  0    Dex:  9 (11) Spells: 3/3 levels left

rFire    . . .     SeeInvis .     - Unarmed
rCold    + . .     Gourm    .   (no shield)
rNeg     + + +     Faith    .   a - +0 robe
rPois    ∞         Spirit   .   (no helmet)
rElec    .         Reflect  .   (no cloak)
rCorr    .         Harm     .   (no gloves)
MR       .....                  e - +0 pair of boots
Stlth    ++........             (no amulet)
HPRegen  0.00/turn              (no ring)
MPRegen  0.08/turn              (no ring)

@: rotting
A: rotting body, claws 1, carnivore, cold resistance 1, negative energy
resistance 3, inhibited regeneration, torment resistance, unbreathing
a: no special abilities


You were on level 3 of the Dungeon.
You were not hungry.

You visited 1 branch of the dungeon, and saw 3 of its levels.

You collected 51 gold pieces.

Inventory:

Armour
 a - a +0 robe (worn)
 e - a +0 pair of boots (worn)
Wands
 h - a wand of iceblast (6)
Scrolls
 d - a scroll of amnesia
Potions
 i - a potion of mutation
Comestibles
 b - 4 rations


   Skills:
 + Level 4.3 Fighting
 + Level 3.6 Dodging
 - Level 2.1 Stealth
 + Level 4.3 Unarmed Combat


You had 3 spell levels left.
You didn't know any spells.
Your spell library was empty.

Dungeon Overview and Level Annotations

Branches:
Dungeon (3/15)

Altars:
Ashenzari
Elyvilon
Gozag
Xom

Annotations:
D:3 Grinder


Innate Abilities, Weirdness & Mutations

Your body is rotting away.
You thrive on raw meat.
You are immune to poison.
You have sharp fingernails.
You are carnivorous and can eat meat at any time.
Your flesh is cold resistant. (rC+)
You are immune to negative energy. (rN+++)
You do not regenerate when monsters are visible.
You are immune to unholy pain and torment.
You can survive without breathing.


Message History

You scratch Grinder.
Grinder is heavily wounded.
Grinder completely misses you.
You barely miss Grinder.
Grinder is heavily wounded.
Grinder blinks!
Grinder gestures at you.
You suddenly lose the ability to move!
Grinder hits you.
* * * LOW HITPOINT WARNING * * *
You can move again.
Unknown command.
Unknown command.
Unknown command.
Unknown command.
You scratch Grinder but do no damage.
Grinder is heavily wounded.
Grinder blinks!
Grinder hits you!
You die...

#...._....# #.#
#.#.....#.# #.#
#.........# #.#
#.#.⌠.⌠.#.# #.#
#.........# #
###.######.#÷....#.# #
#..................# #
#.#.##.....##..##### #
#####....#....5@.....#
#
(..............#####.#
### ######...#.....#
#.# #.. ##.########
#.# #.. #.# #.# #..
#.# ########.# ##. #+#
#........## #####.
#.###....<# #.....
#.###.#..## #.###.


You could see Grinder.

Vanquished Creatures
  An orc wizard (D:3)
  3 adders
  A worm (D:2)
  3 leopard geckos
  3 orcs (D:3)
  2 giant cockroaches
  4 goblins
  4 hobgoblins
  3 ball pythons
  7 bats
  15 frilled lizards
  8 kobolds
  7 rats
61 creatures vanquished.

Notes
Turn   | Place    | Note
-------+----------+-------------------------------------------
     0 | D:1      | nuthulu the Ghoul Monk began the quest for the Orb.
     0 | D:1      | Reached XP level 1. HP: 19/19 MP: 0/0
   225 | D:1      | Reached XP level 2. HP: 22/26 MP: 1/1
   640 | D:1      | Reached XP level 3. HP: 33/33 MP: 2/2
  1028 | D:2      | Found a shimmering altar of Xom.
  1430 | D:2      | Reached XP level 4. HP: 38/40 MP: 3/3
  1860 | D:3      | Found a shattered altar of Ashenzari.
  2070 | D:3      | Found an opulent altar of Gozag.
  2310 | D:3      | Found a white marble altar of Elyvilon.
  2319 | D:3      | Noticed Grinder
  2336 | D:3      | Paralysed by Grinder for 3 turns
  2343 | D:3      | Paralysed by Grinder for 6 turns
  2355 | D:3      | Paralysed by Grinder for 6 turns
  2377 | D:3      | Paralysed by Grinder for 4 turns
  2380 | D:3      | HP: 1/41 [Grinder (3)]
  2384 | D:3      | Mangled by Grinder

Skill      XL: |  1  2  3 |
---------------+----------+-----
Dodging        | 3 |  3.6
Fighting       | 4 |  4.3
Unarmed Combat | 4 |  4.3
Stealth        | |  2.1

Action                   |  1- 3 |  4- 6 || total
-------------------------+-------+-------++-------
Melee: Unarmed           |   138 |    63 ||   201
       Punch             |     1 |     1 ||     2
  Use: Scroll            |     4 |     1 ||     5
       Potion            |       |     3 ||     3
 Stab: Sleeping          |     1 |     2 ||     3
  Eat: Chunk             |    18 |    14 ||    32
Armor: Robe              |    38 |     6 ||    44
Dodge: Dodged            |   127 |    32 ||   159
